 Dungeon Crawl Stone Soup version 0.16-a0-621-gdc21f72 (webtiles) character file.

74 Foahim the Slasher (level 4, -2/35 HPs)
             Began as a Human Chaos Knight on Sept 17, 2014.
             Was an Initiate of Okawaru.
             Slain by a worm (5 damage)
             ... on Level 3 of the Dungeon.
             The game lasted 00:20:47 (1680 turns).

Foahim the Slasher (Human Chaos Knight)             Turns: 1680, Time: 00:20:48

HP  -2/35        AC  6     Str 13      XL: 4   Next: 54%
MP   4/4         EV 11     Int 13      God: Okawaru [......]
Gold 93          SH  0     Dex 11 (12) Spells:  0 memorised,  3 levels left

rFire  . . .     SeeInvis .     a - +0 falchion (chaos)
rCold  . . .     Clarity  .     b - +3 leather armour
rNeg   + . .     rCorr    .     (no shield)
rPois  .         rRot     .     (no helmet)
rElec  .         Spirit   .     (no cloak)
SustAb .         Warding  +     (no gloves)
rMut   .         Stasis   .     (no boots)
Gourm  .                        e - amulet of warding
MR     .....                    (no ring)
                                (no ring)

@: not resistant to hostile enchantments, very unstealthy
A: no striking features
a: Renounce Religion


You were on level 3 of the Dungeon.
You worshipped Okawaru.
Okawaru was noncommittal.
You were not hungry.

You visited 1 branch of the dungeon, and saw 3 of its levels.

You collected 93 gold pieces.

Inventory:

Hand weapons
 a - a +0 falchion of chaos (weapon)
 r - a +0 blowgun
Missiles
 t - 7 poisoned needles
Armour
 b - a +3 leather armour (worn)
Comestibles
 c - 3 bread rations
 d - a royal jelly
 l - a beef jerky
 p - a meat ration
Scrolls
 g - a scroll of noise {unknown}
 i - a scroll of immolation
 n - a scroll of enchant armour
 o - 2 scrolls of remove curse {unknown}
 q - a scroll of random uselessness {unknown}
 s - a scroll of identify
 u - a scroll of teleportation
Jewellery
 e - an amulet of warding (around neck)
Potions
 f - 2 potions of heal wounds {unknown}
 h - a potion of curing
 j - a potion of haste {unknown}
 k - 3 potions of lignification
 m - 2 potions of brilliance {unknown}


   Skills:
 + Level 3.2 Fighting
 + Level 3.9 Long Blades
 + Level 2.4 Armour
 + Level 2.2 Dodging
 + Level 0.4 Stealth


You had 3 spell levels left.
You didn't know any spells.

Dungeon Overview and Level Annotations

Branches:
Dungeon (3/15)

Altars:
Cheibriados
Gozag
Okawaru
Xom


Message History

You hit the worm but do no damage.
The worm is heavily wounded.
The worm bites you.
* * * LOW HITPOINT WARNING * * *
You slash the worm!
The worm is poisoned.
The worm is severely wounded.
The worm bites you but does no damage.
You barely miss the worm.
The worm is severely wounded.
You hit the worm.
The worm looks even sicker.
The worm is almost dead.
The worm closely misses you.
You completely miss the worm.
The worm is almost dead.
The worm bites you.
* * * LOW HITPOINT WARNING * * *
You hit the worm but do no damage.
The worm looks even sicker.
The worm is almost dead.
The worm bites you.
You die...

######## #.......! #....[.... ##
# #. #.....!... #. ##
#..##.......!. #. .####
#..#.$)w....(.# ##. ....#
#.....@.......# ##.. .##.##
####..#..).......# #..#
.....###.....#.[........# #.##
###......##.##.#..####### #.#
##........##.#.## #.#
#######.(#..##.#.#############.#
...#..((.#...............(.....#
.....###(..####.)###..###.....##
......##..### #..# #..###.....#


You could see a worm.

Vanquished Creatures
  A crimson imp (D:3)
  An iron imp (D:3)
  2 adders
  A worm (D:2)
  2 ufetubi (D:3)
  3 giant geckos
  2 oozes (D:1)
  2 orcs
  5 bats
  2 giant cockroaches
  5 goblins
  7 hobgoblins
  3 kobolds
  2 quokkas
  3 giant newts
  4 jackals (D:1)
  2 rats
47 creatures vanquished.

Notes
Turn   | Place    | Note
--------------------------------------------------------------
     0 | D:1      | Foahim, the Human Chaos Knight, began the quest for the Orb.
     0 | D:1      | Reached XP level 1. HP: 18/18 MP: 1/1
   194 | D:1      | Reached XP level 2. HP: 16/24 MP: 2/2
   362 | D:1      | Reached XP level 3. HP: 18/29 MP: 3/3
   492 | D:2      | XOM: harmless Chrm miscast
   806 | D:2      | Reached XP level 4. HP: 10/35 MP: 4/4
  1119 | D:2      | HP: 1/35 [orc/hand axe (5)]
  1132 | D:2      | XOM: divination: detect items
  1339 | D:3      | XOM: enchant monster (bad)
  1419 | D:3      | Found an iron altar of Okawaru.
  1427 | D:3      | Found a snail-covered altar of Cheibriados.
  1434 | D:3      | Found an opulent altar of Gozag.
  1439 | D:3      | Fell from the grace of Xom
  1483 | D:3      | Became a worshipper of Warmaster Okawaru
  1551 | D:3      | Found a shimmering altar of Xom.
  1551 | D:3      | XOM: summons 9 hostile demons
  1680 | D:3      | Slain by a worm

Action                   |  1- 3 |  4- 6 || total
-------------------------+-------+-------++-------
Melee: Falchion          |   128 |   103 ||   231
Invok: Renounce Religion |       |     1 ||     1
  Use: Scroll            |       |     5 ||     5
       Potion            |       |     2 ||     2
 Stab: Petrifying        |     1 |       ||     1
       Petrified         |     1 |       ||     1
       Confused          |       |     2 ||     2
  Eat: Meat ration       |       |     1 ||     1
